 Dungeon Crawl Stone Soup version 0.26.1-2-gb8aa6d0cf2 (webtiles) character file.

Game seed: 14769365128639175699

2005 Kaiern the Geomancer (level 9, 56/56 HPs)
             Began as a Gargoyle Earth Elementalist on Feb 14, 2021.
             Was a Follower of the Shining One.
             Quit the game on level 6 of the Dungeon.
             The game lasted 00:37:47 (7784 turns).

Kaiern the Geomancer (Gargoyle Earth Elementalist)  Turns: 7784, Time: 00:37:48

Health: 56/56      AC: 11    Str: 13    XL:     9   Next: 22%
Magic:  18/18      EV: 11    Int: 18    God:    the Shining One [*.....]
Gold:   344        SH:  0    Dex:  6    Spells: 14/20 levels left

rFire    + + +     SeeInvis +   c - +5 dagger "Tustroops" {flame, rElec rF+++ rC- Dex-4}
rCold    . . .     Faith    .   (no shield)
rNeg     + . .     Spirit   .   C - +0 leather armour
rPois    ∞         Reflect  .   (no helmet)
rElec    +         Harm     .   I - +0 cloak
rCorr    .         Rampage  .   (no gloves)
Will     .....                  (no boots)
Stlth    +.........             k - amulet of regeneration
HPRegen  0.58/turn              j - ring of see invisible
MPRegen  0.16/turn              l - ring of protection from cold

@: glowing
A: negative energy resistance 1, electricity resistance, unbreathing,
petrification resistance, miasma immunity, AC +6
a: Renounce Religion


You were on level 6 of the Dungeon.
You worshipped the Shining One.
The Shining One was aware of your devotion.
You visited 1 branch of the dungeon, and saw 6 of its levels.

You collected 344 gold pieces.

Inventory:

Hand Weapons
 c - the +5 dagger "Tustroops" (weapon) {flame, rElec rF+++ rC- Dex-4}
   (You found it on level 5 of the Dungeon)

   It has been specially enchanted to burn those struck by it, causing extra
   injury to most foes and up to half again as much damage against particularly
   susceptible opponents.
   It affects your dexterity (-4).
   It renders you almost immune to fire.
   It makes you vulnerable to cold.
   It insulates you from electricity.
 m - a +0 hand axe
 J - a +1 mace
 L - a +2 whip of freezing
Missiles
 d - 11 boomerangs
 r - 5 javelins (quivered)
 F - 43 stones
Armour
 e - a +0 kite shield
 C - a +0 leather armour (worn)
 I - a +0 cloak (worn)
Jewellery
 j - a ring of see invisible (left hand)
 k - an amulet of regeneration (around neck)
 l - a ring of protection from cold (right hand)
 K - an uncursed ring of protection from cold
Wands
 t - a wand of enslavement (9)
 y - a wand of polymorph (8)
Scrolls
 a - a scroll of teleportation
 b - 2 scrolls of remove curse {unknown}
 f - a scroll of fear {unknown}
 n - 2 scrolls of amnesia
 o - a scroll of magic mapping {unknown}
 p - 9 scrolls of identify
 u - 2 scrolls of blinking {unknown}
 B - 2 scrolls of enchant weapon
 G - 3 scrolls of noise {unknown}
Potions
 g - 2 potions of heal wounds {unknown}
 h - a potion of mutation {unknown}
 i - 2 potions of resistance {unknown}
 q - a potion of berserk rage {unknown}
 s - 4 potions of might {unknown}
 v - a potion of ambrosia {unknown}
 w - 3 potions of lignification {unknown}
 x - a potion of invisibility {unknown}
 z - a potion of attraction {unknown}
 A - a potion of brilliance {unknown}
 D - 2 potions of flight {unknown}
 E - a potion of magic {unknown}
 H - a potion of curing {unknown}


   Skills:
 + Level 6.7 Fighting
 - Level 4.0 Armour
 - Level 1.5 Dodging
 - Level 2.2 Stealth
 + Level 1.2 Shields
 + Level 6.0 Spellcasting
 + Level 2.5 Conjurations
 - Level 1.0 Transmutations
 - Level 8.0 Earth Magic


You had 14 spell levels left.
You knew the following spells:

 Your Spells              Type           Power        Failure   Level
a - Sandblast             Erth           68%          1%          1
b - Stone Arrow           Conj/Erth      48%          4%          3
c - Passwall              Tmut/Erth      17%          3%          2

Your spell library contained the following spells:

 Spells                   Type           Power        Failure   Level
 Lee's Rapid Deconstruct  Erth           17%          16%         5
 Petrify                  Tmut/Erth      21%          22%         4


Dungeon Overview and Level Annotations

Branches:
Dungeon (6/15)             Temple (0/1) D:6

Altars:
Elyvilon
Fedhas
Hepliaklqana
Kikubaaqudgha
Nemelex Xobeh
Qazlal
Sif Muna
The Shining One

Shops:
D:6 *


Innate Abilities, Weirdness & Mutations

You are resistant to torment.
Your stone body is resilient. (AC +6)
You are immune to poison.
You resist negative energy. (rN+)
You are resistant to electric shocks. (rElec)
You can survive without breathing.
You are immune to petrification.
You are immune to miasma.


Message History

Found a mace.
You see here a mace.
Found a staircase to the Ecumenical Temple.
You see here a mace.
b - 2 scrolls labelled MUNIDGH UGGEU (gained 1)
Found a chain mail.
Found a stone staircase leading up.
There is a stone staircase leading up here.
p - 9 scrolls of identify (gained 1)
There is a stone staircase leading up here.
You see here a +0 robe.
Items here: ))) [[[.
There is a stone staircase leading down here.
A giant cockroach comes into view.
You hit the giant cockroach. You burn the giant cockroach.
You kill the giant cockroach!
Done exploring.
Done exploring.
Search for what [Enter for "."]? .
Are you sure you want to abandon this character and quit the game? (Confirm with "yes".)

#.# #.# ## #.# #.#
#######. #.#
#.####....... #.#
#............ #.#
######.##.... #.#
#.#.._.. #.#
#.#.....
#.#########.......
#@...........##...
###########..####.
#..# ## #..#####
#....... #.######
#.# #.# #.#


There were no monsters in sight!

Vanquished Creatures
  Pikel (D:6)
  An ice beast (D:5)
  2 orc warriors (D:6)
  2 ogres
  2 lemures (D:6)
  A bullfrog (D:6)
  2 scorpions
  4 wights (D:6)
  2 howler monkeys (D:6)
  3 hounds
  A bullfrog skeleton (D:6)
  An orc priest (D:5)
  4 orc wizards
  4 worker ants
  A hound skeleton (D:5)
  4 gnolls
  12 adders
  3 white imps (D:6)
  An ooze (D:3)
  2 adder skeletons
  4 worms
  8 leopard geckos
  8 orcs
  10 giant cockroaches
  7 hobgoblins
  8 jackals
  A quokka (D:2)
  4 ball pythons
  A ball python skeleton (D:4)
  7 bats
  2 frilled lizards
  5 goblins
  7 kobolds
  A leopard gecko skeleton (D:4)
  15 rats
141 creatures vanquished.

Vanquished Creatures (others)
  10 plants (D:4)
10 creatures vanquished.

Grand Total: 151 creatures vanquished

Notes
Turn   | Place    | Note
-------+----------+-------------------------------------------
     0 | D:1      | Kaiern the Gargoyle Earth Elementalist began the quest for
                  | the Orb.
     0 | D:1      | Reached XP level 1. HP: 10/10 MP: 3/3
   232 | D:1      | Reached skill level 1 in Transmutations
   257 | D:1      | Reached XP level 2. HP: 16/16 MP: 3/5
   391 | D:1      | Reached skill level 1 in Fighting
   629 | D:1      | Reached skill level 4 in Earth Magic
   787 | D:1      | Reached XP level 3. HP: 20/20 MP: 3/6
  1093 | D:1      | Learned a level 3 spell: Stone Arrow
  1096 | D:1      | Learned a level 2 spell: Passwall
  1427 | D:2      | Reached XP level 4. HP: 26/26 MP: 3/7
  1453 | D:2      | Reached skill level 1 in Conjurations
  1582 | D:2      | Reached skill level 1 in Armour
  2156 | D:3      | Reached XP level 5. HP: 23/30 MP: 7/9
  2660 | D:3      | Found a hazy altar of Hepliaklqana.
  3667 | D:4      | Found a glowing golden altar of the Shining One.
  3670 | D:4      | Became a worshipper of the Shining One
  3870 | D:4      | Reached XP level 6. HP: 20/36 MP: 3/10
  4248 | D:4      | Reached skill level 5 in Earth Magic
  5156 | D:5      | Entered Level 5 of the Dungeon
  5314 | D:5      | Noticed an ice beast
  5330 | D:5      | Killed an ice beast
  5331 | D:5      | Reached XP level 7. HP: 10/42 MP: 2/12
  6128 | D:5      | Got a steaming dagger
  6130 | D:5      | Identified the +5 dagger "Tustroops" {flame, rElec rF+++
                  | rC- Dex-4} (You found it on level 5 of the Dungeon)
  6371 | D:5      | Reached skill level 6 in Earth Magic
  6513 | D:6      | Reached XP level 8. HP: 34/48 MP: 7/14
  6568 | D:6      | Reached * piety under the Shining One
  6768 | D:6      | Found a sparkling altar of Nemelex Xobeh.
  6768 | D:6      | Found a blossoming altar of Fedhas.
  6768 | D:6      | Found an ancient bone altar of Kikubaaqudgha.
  6781 | D:6      | Reached skill level 5 in Fighting
  6868 | D:6      | Found a white marble altar of Elyvilon.
  6869 | D:6      | Found a shimmering blue altar of Sif Muna.
  6914 | D:6      | Found Naprufila's General Store.
  7038 | D:6      | Found a stormy altar of Qazlal.
  7069 | D:6      | Reached skill level 7 in Earth Magic
  7131 | D:6      | Noticed Pikel
  7156 | D:6      | Killed Pikel
  7157 | D:6      | Reached skill level 5 in Spellcasting
  7157 | D:6      | Reached XP level 9. HP: 43/56 MP: 6/17
  7257 | D:6      | Reached skill level 8 in Earth Magic
  7322 | D:6      | Reached skill level 1 in Shields
  7470 | D:6      | Found a staircase to the Ecumenical Temple.
  7784 | D:6      | Quit the game

Illustrated notes

Levels and vault maps discovered:
D:1:      roderic_octagonal_star, layout_loops_ring
D:2:      layout_rooms, minmay_joined_circles
D:3:      layout_basic, nicolae_overflow_hidden_temple,
          kennysheep_generic_room_2
D:4:      layout_basic, tso_oasis_becter, serial_bayou, serial_bayou_ford_a,
          serial_bayou_shore_b, serial_bayou_shore_a, serial_bayou_pond_b,
          serial_bayou_lagoon_a
D:5:      layout_rooms
D:6:      layout_loops_ring, nicolae_overflow_crystal_walls,
          grunt_temple_overflow_open, minmay_temple_entry_poolview,
          serial_shops, kennysheep_mini_moat, uniq_pikel

Skill      XL: |  1  2  3  4  5  6  7  8  9 |
---------------+----------------------------+-----
Transmutations | 1 |  1.0
Fighting       | 1 2 3 4 6 |  6.7
Earth Magic    | 4 5 6 7 8 |  8.0
Conjurations   | 1 2 |  2.5
Armour         | 1 2 3 4 |  4.0
Spellcasting   | 3 4 5 6 |  6.0
Shields        | 1 |  1.2
Dodging        | |  1.5
Stealth        | |  2.2

Action                   |  1- 3 |  4- 6 |  7- 9 || total
-------------------------+-------+-------+-------++-------
Melee: Dagger            |    17 |       |   128 ||   145
       Short sword       |     7 |       |       ||     7
       Hand axe          |    15 |   187 |    23 ||   225
Throw: Boomerang         |     4 |    27 |       ||    31
       Javelin           |       |    27 |       ||    27
 Cast: Sandblast         |    45 |    36 |     6 ||    87
       Stone Arrow       |       |     7 |    36 ||    43
  Use: Scroll            |       |       |     6 ||     6
 Stab: Sleeping          |       |     2 |       ||     2
Armor: Robe              |    10 |   105 |       ||   115
       Leather armour    |       |       |    57 ||    57
Dodge: Dodged            |    30 |   159 |    81 ||   270
